 Dungeon Crawl Stone Soup version 0.28.0-43-g3370ac3207 (webtiles) character file.

Game seed: 921108023356423620

1152 terff the Slasher (level 8, -9/61 HPs)
             Began as a Human Fighter on Mar 20, 2022.
             Was an Initiate of the Shining One.
             Mangled by an orc warrior
             ... wielding a +0 halberd
              (18 damage)
             ... on level 6 of the Dungeon.
             The game lasted 00:18:04 (7061 turns).

terff the Slasher (Human Fighter)                   Turns: 7061, Time: 00:18:05

Health: -9/61      AC:  9    Str: 19    XL:     8   Next: 65%
Magic:  8/8        EV: 10    Int:  9    God:    the Shining One [......]
Gold:   252        SH:  6    Dex: 12    Spells: 7/7 levels left

rFire   . . .      SeeInvis .   a - +0 long sword
rCold   . . .      Faith    .   c - +1 buckler
rNeg    . . .      Spirit   .   b - +0 scale mail
rPois   .          Reflect  .   (no helmet)
rElec   .          Harm     .   m - +0 cloak
rCorr   .          Rampage  .   (no gloves)
Will    +....                   j - +0 pair of boots
Stlth   ..........              (no amulet)
HPRegen 0.20/turn               p - ring of willpower
MPRegen 0.11/turn               (no ring)

@: glowing
A: no striking features
a: Renounce Religion


You were on level 6 of the Dungeon.
You worshipped the Shining One.
The Shining One was noncommittal.
You visited 1 branch of the dungeon, and saw 6 of its levels.

You collected 252 gold pieces.

Inventory:

Hand Weapons
 a - a +0 long sword (weapon)
Armour
 b - a +0 scale mail (worn)
 c - a +1 buckler (worn)
 j - a +0 pair of boots (worn)
 m - a +0 cloak (worn)
Jewellery
 p - a ring of willpower (left hand)
Wands
 l - a wand of acid (10)
 n - a wand of iceblast (2)
Scrolls
 e - 2 scrolls of teleportation
 g - 2 scrolls of enchant armour
 o - 3 scrolls of fear
 s - a scroll of fog {unknown}
 t - a scroll of immolation {unknown}
Potions
 d - 2 potions of might
 f - 2 potions of flight
 h - a potion of lignification
 k - a potion of heal wounds {unknown}
 q - 3 potions of attraction
 r - a potion of mutation {unknown}


   Skills:
 + Level 4.5 Fighting
 + Level 6.8 Long Blades
 + Level 5.3 Armour
 + Level 2.4 Dodging
 + Level 0.5 Stealth
 + Level 4.4 Shields


You had 7 spell levels left.
You didn't know any spells.
Your spell library contained the following spells:

 Spells                   Type           Power      Damage    Failure   Level
 Foxfire                  Conj/Fire      0%         2x1d4     83%         1
 Slow                     Hex            0%         N/A       83%         1
 Confusing Touch          Hex            0%         N/A       99%         3
 Conjure Flame            Conj/Fire      0%         6-21      99%         3
 Inner Flame              Hex/Fire       0%         N/A       99%         3
 Vampiric Draining        Necr           0%         2d6       99%         3
 Flame Wave               Conj/Fire      0%         2d4       100%        4


Dungeon Overview and Level Annotations

Branches:
Dungeon (6/15)
 Temple: D:4-7

Altars:
Elyvilon
Fedhas
Kikubaaqudgha
Sif Muna
Vehumet
Xom
Zin
The Shining One

Shops:
D:4 *

Annotations:
D:3 2 transporters, exclusion: oklob plant


Message History

The orc priest looks satisfied for a moment.
The orc hits you with a +0 hand axe.
The orc warrior hits you from afar with a +0 halberd!
The orc priest barely misses you. The orc misses you.
Things that are here:
a +0 dagger; a +0 robe; an orc corpse You block the orc warrior's attack.
The orc priest looks braver for a moment.
You barely miss the orc priest.
The orc warrior hits you but does no damage.
You block the orc priest's attack. The orc hits you but does no damage.
The orc warrior closely misses you.
You slash the orc priest!
The orc priest is severely wounded.
You block the orc priest's attack. The orc hits you with a +0 hand axe.
The orc warrior hits you from afar with a +0 halberd!
You hit the orc priest but do no damage.
The orc priest is severely wounded.
The orc priest hits you with a +0 trident.
The orc hits you but does no damage. The orc warrior barely misses you.
The orc priest miscasts a cantrip.
You hit the orc priest.
You kill the orc priest!
The Shining One accepts your kill. The orc hits you but does no damage.
The orc warrior hits you from afar with a +0 halberd!
* * * LOW HITPOINT WARNING * * *
You block the orc's attack.
You slash the orc wizard!
The orc wizard is heavily wounded.
The orc wizard hits you with a +0 dagger.
* * * LOW HITPOINT WARNING * * *
The orc warrior barely misses you. The orc hits you with a +0 hand axe.
* * * LOW HITPOINT WARNING * * *
You hit the orc wizard but do no damage.
The orc wizard is heavily wounded.
The orc wizard hits you with a +0 dagger.
* * * LOW HITPOINT WARNING * * *
The orc warrior hits you from afar with a +0 halberd!!
You die...

#.....# #.....##
######.### #...#
#...# . #...#
....#######...#
..........o.####
.........oo@...#
..........#.........
..........######'###
......##'#.... .#
...... ..#....#
......#..#....#
......#..#....# #.
..#+##+###
#.........


You could see an orc warrior, an orc wizard (invisible) and an orc.

Vanquished Creatures
  A sky beast (D:5)
  A black bear (D:4)
  2 ice beasts (D:6)
  A centaur (D:6)
  A scorpion (D:4)
  A wight (D:6)
  A howler monkey (D:5)
  A hound (D:6)
  A jelly (D:4)
  2 orc priests
  A bullfrog skeleton (D:5)
  4 iguanas
  A scorpion zombie (D:5)
  An orc wizard (D:6)
  A hound zombie (D:3)
  2 hound skeletons
  A howler monkey zombie (D:5)
  8 adders
  3 worms
  A dart slug (D:1)
  15 orcs
  14 ball pythons
  11 endoplasms
  5 giant cockroaches
  15 hobgoblins
  7 quokkas
  7 bats
  2 frilled lizards
  8 goblins
  8 kobolds
  13 rats
140 creatures vanquished.

Vanquished Creatures (others)
  A fungus (D:3)
  4 plants (D:3)
  11 toadstools (D:3)
16 creatures vanquished.

Grand Total: 156 creatures vanquished

Notes
Turn   | Place    | Note
-------+----------+-------------------------------------------
     0 | D:1      | terff the Human Fighter began the quest for the Orb.
     0 | D:1      | Reached XP level 1. HP: 18/18 MP: 1/1
   293 | D:1      | Reached XP level 2. HP: 20/24 MP: 2/2
   309 | D:1      | Found a faded altar of an unknown god.
   525 | D:1      | Reached XP level 3. HP: 24/29 MP: 3/3
  1057 | D:2      | Reached XP level 4. HP: 20/35 MP: 4/4
  1543 | D:2      | Reached skill level 3 in Long Blades
  2164 | D:3      | Found an ancient bone altar of Kikubaaqudgha.
  2172 | D:3      | Found a transporter.
  2184 | D:3      | Reached XP level 5. HP: 38/41 MP: 5/5
  2193 | D:3      | Found a transporter.
  2383 | D:3      | Found a blossoming altar of Fedhas.
  2410 | D:3      | Noticed an oklob plant
  2773 | D:3      | Found a glowing golden altar of the Shining One.
  2773 | D:3      | Found a glowing silver altar of Zin.
  2773 | D:3      | Found a white marble altar of Elyvilon.
  2778 | D:3      | Became a worshipper of the Shining One
  2822 | D:3      | Found a shimmering altar of Xom.
  2841 | D:3      | Found a radiant altar of Vehumet.
  3112 | D:3      | Found a shimmering blue altar of Sif Muna.
  3981 | D:4      | Reached XP level 6. HP: 48/48 MP: 6/6
  3985 | D:4      | Reached skill level 4 in Long Blades
  4240 | D:4      | Noticed a black bear
  4250 | D:4      | Killed a black bear
  4251 | D:4      | Reached skill level 1 in Dodging
  4259 | D:4      | Reached XP level 7. HP: 13/53 MP: 7/7
  4760 | D:4      | Found Syobre Zucso's Neck Hole.
  5019 | D:5      | Entered Level 5 of the Dungeon
  5547 | D:5      | Reached skill level 5 in Long Blades
  6073 | D:5      | Reached XP level 8. HP: 59/60 MP: 8/8
  6540 | D:6      | Reached skill level 6 in Long Blades
  6585 | D:6      | Reached skill level 5 in Armour
  7061 | D:6      | Mangled by an orc warrior

Illustrated notes

Levels and vault maps discovered:
D:1:      mainiacjoe_arrival_reflecting_pool, layout_rooms,
          hellmonk_ecumenical_altar_arch_garden
D:2:      wad_crossroads, layout_basic
D:3:      layout_basic, good_gods_mini_temple, xom_butterflies,
          amcnicky_altar_gilded, gammafunk_temple_overflow_arena,
          lemuel_round_altar, tgw_fedhas, serial_bayou_pond_b, interstate_on_off
D:4:      minmay_spotlight, layout_basic, nicolae_shop_sticking_my_neck_out
D:5:      layout_basic, corexii_leaking_fountain, grunt_ministairs_9
D:6:      layout_gridville, minmay_temple_entry_glassed_door, grunt_ministairs_4

Skill      XL: |  1  2  3  4  5  6  7  8 |
---------------+-------------------------+-----
Long Blades    | 3 4 5 6 |  6.8
Armour         | 4 5 |  5.3
Dodging        | 1 2 |  2.4
Fighting       | 4 |  4.5
Shields        | 4 |  4.4
Stealth        | |  0.5

Action                   |  1- 3 |  4- 6 |  7- 9 || total
-------------------------+-------+-------+-------++-------
Melee: Long sword        |   103 |   207 |   156 ||   466
  Use: Scroll            |     4 |     3 |     2 ||     9
       Potion            |       |     2 |       ||     2
Armor: Scale mail        |    71 |   127 |    78 ||   276
Dodge: Dodged            |    48 |   141 |    87 ||   276
Block: Buckler           |    35 |    61 |    60 ||   156
